 Dungeon Crawl Stone Soup version 0.29.0-4-gdea44cf6ec (webtiles) character file.

Game seed: 11524120524852414679

58 qw the Chopper (level 4, -3/26 HPs)
             Began as a Tengu Warper on Aug 28, 2022.
             Killed by nerve-wracking pain
             ... invoked by Grinder
              (14 damage)
             ... on level 3 of the Dungeon.
             The game lasted 00:00:12 (2038 turns).

qw the Chopper (Tengu Warper)                       Turns: 2038, Time: 00:00:12

Health: -3/26      AC:  5    Str: 14    XL:     4   Next: 2%
Magic:  8/8        EV: 11    Int: 13    God:
Gold:   83         SH:  0    Dex: 13    Spells: 7/7 levels left

rFire   . . .      SeeInvis .   Y - +2 war axe
rCold   . . .      Faith    .   (no shield)
rNeg    . . .      Spirit   .   i - +0 ring mail
rPois   .          Reflect  .   (helmet restricted)
rElec   .          Harm     .   (no cloak)
rCorr   .          Rampage  .   (no gloves)
Will    .....                   (boots unavailable)
Stlth   +.........              (no amulet)
HPRegen 0.08/turn               (no ring)
MPRegen 0.11/turn               (no ring)

@: no status effects
A: beak, talons 3
a: no special abilities


You were on level 3 of the Dungeon.
You visited 1 branch of the dungeon, and saw 3 of its levels.

You collected 83 gold pieces.


Innate Abilities, Weirdness & Mutations

You have a beak for a mouth.
You have claws for feet.


   Skills:
 - Level 2.0 Fighting
 + Level 4.6 Axes
 - Level 1.0 Throwing
 - Level 1.1 Armour
 - Level 2.1 Dodging
 - Level 2.0 Spellcasting
 - Level 2.4 Translocations


You had 7 spell levels left.
You didn't know any spells.
Your spell library contained the following spells:

 Spells                   Type           Power      Damage    Failure   Level
 Blink                    Tloc           14%        N/A       30%         2
 Gell's Gravitas          Tloc           7%         N/A       52%         3
 Lesser Beckoning         Tloc           7%         N/A       52%         3
 Teleport Other           Tloc           7%         N/A       52%         3
 Manifold Assault         Tloc           7%         N/A       99%         5

Inventory:

Hand Weapons
 h - a +0 whip
 Y - a +2 war axe (weapon)
Missiles
 g - 3 boomerangs (quivered)
Armour
 i - a +0 ring mail (worn)
Scrolls
 a - 3 scrolls of teleportation
 d - a scroll of identify
 f - a scroll of fear {unknown}
Potions
 b - a potion of might
 c - a potion of heal wounds {unknown}
 e - a potion of resistance {unknown}

Dungeon Overview and Level Annotations

Branches:
Dungeon (3/15)

Altars:
Fedhas

Shops:
D:1 [

Annotations:
D:3 Grinder


Message History

You kill the ball python!
f - a scroll labelled LIOJEO DUISMI
g - 3 boomerangs
Found a stone staircase leading down.
Found an escape hatch in the ceiling.
Enter note:
Found 5 stones.
Grinder comes into view.
2026 ||| Stepping ~*~*~tactically~*~*~ (hiding).
You start waiting.
Grinder is nearby!
2029 ||| Stepping ~*~*~tactically~*~*~ (hiding).
You start waiting.
Grinder is nearby!
Grinder misses you.
You slash Grinder! Your peck misses Grinder.
Grinder is moderately wounded.
Grinder closely misses you.
You closely miss Grinder.
Grinder is moderately wounded.
Grinder misses you.
You hit Grinder but do no damage. Your kick misses Grinder.
Your peck misses Grinder.
Grinder is moderately wounded.
Grinder gestures at you. Pain shoots through your body!
You slash Grinder! Your kick misses Grinder.
Grinder is heavily wounded.
Grinder gestures at you. Pain shoots through your body!
Grinder completely misses you.
You closely miss Grinder. Your kick misses Grinder.
Grinder is heavily wounded.
Grinder gestures at you. Pain shoots through your body!
You hit Grinder. You claw Grinder. You peck Grinder.
Grinder is severely wounded.
Grinder gestures at you. Pain shoots through your body!
Ouch! That really hurt!
You die...

###### .###....#
. .....#.# ~~~
####..#@###...5.
........5...#
#######.#####
#.##### #.....#
#.....# ##....#
#....# #....#


You could see Grinder.

Vanquished Creatures
  A dart slug (D:1)
  2 worms (D:2)
  2 endoplasms
  4 giant cockroaches
  6 goblins
  7 hobgoblins
  2 quokkas
  7 ball pythons
  A bat (D:2)
  5 frilled lizards
  7 kobolds
  6 rats
50 creatures vanquished.

Notes
Turn   | Place    | Note
-------+----------+-------------------------------------------
     0 | D:1      | qw the Tengu Warper began the quest for the Orb.
     0 | D:1      | Reached XP level 1. HP: 12/12 MP: 4/4
     0 | D:1      | 0 ||| qw: Version: 0.1-a-89-g26bdef1
     0 | D:1      | 0 ||| qw: Game counter: 2618
     0 | D:1      | 0 ||| qw: Always use a shield: true
     0 | D:1      | 0 ||| qw: God list: Okawaru
     0 | D:1      | 0 ||| qw: Allow faded altars: false
     0 | D:1      | 0 ||| qw: Do Orc after D:15 true
     0 | D:1      | 0 ||| qw: Do second Lair branch before Depths: true
     0 | D:1      | 0 ||| qw: Lair rune preference: random
     0 | D:1      | 0 ||| qw: Plans: Normal
     0 | D:1      | 0 ||| PLANNING D:1-11
     6 | D:1      | 6 ||| Stepping ~*~*~tactically~*~*~ (stealth).
     7 | D:1      | 7 ||| Stepping ~*~*~tactically~*~*~ (stealth).
    26 | D:1      | Found a faded altar of an unknown god.
    71 | D:1      | 71 ||| Stepping ~*~*~tactically~*~*~ (stealth).
    93 | D:1      | 93 ||| Stepping ~*~*~tactically~*~*~ (stealth).
    94 | D:1      | 94 ||| Stepping ~*~*~tactically~*~*~ (stealth).
    96 | D:1      | 96 ||| Stepping ~*~*~tactically~*~*~ (stealth).
    97 | D:1      | 97 ||| Stepping ~*~*~tactically~*~*~ (stealth).
   238 | D:1      | Reached XP level 2. HP: 17/17 MP: 6/6
   247 | D:1      | 247 ||| Stepping ~*~*~tactically~*~*~ (stealth).
   250 | D:1      | Reached skill level 3 in Axes
   258 | D:1      | 258 ||| Stepping ~*~*~tactically~*~*~ (stealth).
   259 | D:1      | 259 ||| Stepping ~*~*~tactically~*~*~ (stealth).
   260 | D:1      | 260 ||| Stepping ~*~*~tactically~*~*~ (stealth).
   261 | D:1      | 261 ||| Stepping ~*~*~tactically~*~*~ (stealth).
   262 | D:1      | 262 ||| Stepping ~*~*~tactically~*~*~ (stealth).
   281 | D:1      | 281 ||| Stepping ~*~*~tactically~*~*~ (hiding).
   385 | D:1      | Found Alluar's Armour Boutique.
   401 | D:1      | 401 ||| SHOPLISTING +0 ring mail (52 gold, have 8).
   401 | D:1      | 401 ||| SHOPLISTING +0 robe of cold resistance (100 gold,
                  | have 8).
   401 | D:1      | 401 ||| SHOPLISTING +2 hat (208 gold, have 8).
   425 | D:1      | 425 ||| Stepping ~*~*~tactically~*~*~ (stealth).
   430 | D:1      | 430 ||| Stepping ~*~*~tactically~*~*~ (stealth).
   432 | D:1      | 432 ||| Stepping ~*~*~tactically~*~*~ (stealth).
   433 | D:1      | 433 ||| Stepping ~*~*~tactically~*~*~ (stealth).
   501 | D:1      | 501 ||| DROPPING +0 club.
   859 | D:1      | 859 ||| SWAPPING to +0 war axe.
   860 | D:1      | 860 ||| DROPPING +0 hand axe.
   867 | D:1      | Reached XP level 3. HP: 21/21 MP: 7/7
   892 | D:1      | 892 ||| Stepping ~*~*~tactically~*~*~ (stealth).
   922 | D:1      | 922 ||| UPGRADING to +0 ring mail.
   932 | D:1      | 932 ||| DROPPING +0 leather armour.
   933 | D:1      | 933 ||| READING 2 scrolls labelled PYKOSMOFEL.
   934 | D:1      | 934 ||| READING scroll of enchant weapon.
   934 | D:1      | 934 ||| ENCHANTING +1 war axe.
   935 | D:1      | 935 ||| READING 2 scrolls labelled PAOREZ SAOPPO.
   936 | D:1      | 936 ||| READING scroll labelled XUUCEPHETUI.
   937 | D:1      | 937 ||| READING scroll labelled ININNAMAT.
   940 | D:1      | 940 ||| DROPPING scroll of blinking.
   941 | D:1      | 941 ||| DROPPING scroll of magic mapping.
  1007 | D:2      | 1007 ||| Stepping ~*~*~tactically~*~*~ (hiding).
  1112 | D:2      | Reached skill level 4 in Axes
  1422 | D:2      | Found a blossoming altar of Fedhas.
  1465 | D:2      | 1465 ||| FLEEEEING.
  1470 | D:2      | 1470 ||| STAIRDANCE
  1564 | D:1      | 1564 ||| READING scroll labelled HYUZAU WAHICKA.
  1565 | D:1      | 1565 ||| DRINKING 2 sedimented ruby potions.
  1894 | D:3      | Reached XP level 4. HP: 26/26 MP: 8/8
  2025 | D:3      | Noticed Grinder
  2026 | D:3      | 2026 ||| Stepping ~*~*~tactically~*~*~ (hiding).
  2029 | D:3      | 2029 ||| Stepping ~*~*~tactically~*~*~ (hiding).
  2038 | D:3      | Killed from afar by Grinder

Levels and vault maps discovered:
D:1:      dpeg_arrival_solitude, layout_loops_cross, serial_shops,
          nicolae_square_shop, basic_ecumenical_altar
D:2:      layout_rooms, basic_altar
D:3:      layout_basic, mainiacjoe_overflow_brackets, uniq_grinder

Skill      XL: |  1  2  3 |
---------------+----------+-----
Axes           | 3 4 |  4.6
Fighting       | |  2.0
Throwing       | |  1.0
Armour         | |  1.1
Dodging        | |  2.1
Spellcasting   | |  2.0
Translocations | |  2.4

Action                   |  1- 3 |  4- 6 || total
-------------------------+-------+-------++-------
Melee: Hand axe          |    30 |       ||    30
       Kick              |    20 |     1 ||    21
       Peck              |    11 |     1 ||    12
       War axe           |    46 |     7 ||    53
       Punch             |     1 |       ||     1
Throw: Boomerang         |     7 |       ||     7
  Use: Scroll            |     6 |       ||     6
       Potion            |     1 |       ||     1
 Stab: Sleeping          |     1 |       ||     1
Armor: Leather armour    |     5 |       ||     5
       Ring mail         |    10 |       ||    10
Dodge: Dodged            |    23 |     4 ||    27

Table legend:
 A = Non-vault XP
 B = Vault XP
 C = Vault XP percentage of total XP
 D = Non-vault monster count
 E = Vault monster count
 F = Vault count percentage of total count
                 A         B        C        D         E       F
            +---------+---------+-------+---------+---------+-------
      Total |      84 |       0 |   0.0 |      50 |       0 |   0.0
            +---------+---------+-------+---------+---------+-------
        D:1 |      38 |       0 |   0.0 |      24 |       0 |   0.0
        D:2 |      42 |       0 |   0.0 |      23 |       0 |   0.0
        D:3 |       4 |       0 |   0.0 |       3 |       0 |   0.0
            +---------+---------+-------+---------+---------+-------
